 Dungeon Crawl Stone Soup version 0.28-a0-385-g79de503ca0 (webtiles) character file.

Game seed: 10196099836088839806

403 Ijustatesigmund the Cudgeller (level 6, 0/40 HPs)
             Began as a Gargoyle Fighter on Sept 3, 2021.
             Slain by Sigmund (4 damage)
             ... on level 4 of the Dungeon.
             The game lasted 00:09:12 (3398 turns).

Ijustatesigmund the Cudgeller (Gargoyle Fighter)    Turns: 3398, Time: 00:09:12

Health: 0/40       AC: 14    Str: 19    XL:     6   Next: 86%
Magic:  6/6        EV:  7    Int:  9    God:
Gold:   188        SH: 11    Dex: 11    Spells: 5/5 levels left

rFire   . . .      SeeInvis .   a - +0 flail
rCold   . . .      Faith    .   c - +3 kite shield
rNeg    + . .      Spirit   .   b - +0 scale mail
rPois   ∞          Reflect  .   (no helmet)
rElec   +          Harm     .   (no cloak)
rCorr   .          Rampage  .   l - +2 pair of gloves
Will    .....                   (no boots)
Stlth   ..........              (no amulet)
HPRegen 0.13/turn               i - ring of flight
MPRegen 0.10/turn               (no ring)

@: flying
A: sickness immunity, AC +4, negative energy resistance 1, electricity
resistance, torment resistance 1, petrification resistance
a: no special abilities


You were on level 4 of the Dungeon.
You visited 1 branch of the dungeon, and saw 4 of its levels.
You also visited: Sewer.

You collected 188 gold pieces.

Inventory:

Hand Weapons
 a - a +0 flail (weapon)
Armour
 b - a +0 scale mail (worn)
 c - a +3 kite shield (worn)
 l - a +2 pair of gloves (worn)
Jewellery
 i - a ring of flight (left hand)
 k - a +4 ring of evasion
Wands
 s - a wand of digging (4)
Scrolls
 n - 2 scrolls of identify
 p - a scroll of acquirement
 q - a scroll of amnesia
 r - a scroll of enchant armour
Potions
 m - a potion of cancellation


   Skills:
 + Level 5.3 Fighting
 + Level 5.7 Maces & Flails
 + Level 3.4 Armour
 + Level 0.3 Dodging
 - Level 3.3 Shields


You had 5 spell levels left.
You didn't know any spells.
Your spell library contained the following spells:

 Spells                   Type           Power      Damage    Failure   Level
 Slow                     Hex            0%         N/A       100%        2
 Confusing Touch          Hex            0%         N/A       100%        3
 Gell's Gravitas          Tloc           0%         N/A       100%        3
 Teleport Other           Tloc           0%         N/A       100%        3
 Yara's Violent Unravell  Hex/Tmut       0%         3d3       100%        5
 Dispersal                Tloc           0%         N/A       100%        6


Dungeon Overview and Level Annotations

Branches:
Dungeon (4/15)              Sewer (visited)
 Temple: D:4-7

Altars:
Gozag
Kikubaaqudgha
Uskayaw

Shops:
D:1 (

Annotations:
D:4 Sigmund


Innate Abilities, Weirdness & Mutations

You are immune to sickness and miasma.
Your stone body is resilient. (AC +4)
You are immune to poison.
You resist negative energy. (rN+)
You are resistant to electric shocks. (rElec)
You are resistant to unholy torment.
You are immune to petrification.


Message History

Aiming: Dig
Press: ? - help, Shift-Dir - straight line A rock wall.
The rock shatters into small pieces.
You block the goblin's attack.
The hobgoblin hits you but does no damage.
The goblin closely misses you. The orc hits you with a +0 war axe.
* * * LOW HITPOINT WARNING * * *
Okay, then.
You feel better. You block the goblin's attack.
You feel better. You block the goblin's attack.
You hit the goblin.
You kill the goblin!
You block the hobgoblin's attack.
You closely miss the hobgoblin. The hobgoblin barely misses you.
You hit the hobgoblin but do no damage. You block the hobgoblin's attack.
You hit the hobgoblin.
The hobgoblin is moderately wounded.
You block the hobgoblin's attack.
The hobgoblin hits you but does no damage.
You hit the hobgoblin.
You kill the hobgoblin!
You block the goblin's attack.
You thump the goblin!
You kill the goblin!
Something hits you. Something burns you. Something hits you but does no damage.
The kobold throws a stone.
The stone hits you but does no damage.
Things that are here:
a +0 dagger; a +0 club; a goblin corpse You hit something.
Something hits you.
* * * LOW HITPOINT WARNING * * *
Something burns you.
* * * LOW HITPOINT WARNING * * *
The kobold throws a stone.
You block the stone.
Your shield prevents you from hitting something.
Something hits you but does no damage.
You sock something! Something hits you!
* * * LOW HITPOINT WARNING * * *
Something burns you.
You die...

..Z..K..g.######...
.g##.####.o...o..WW
^.##.####[g#####.#.
..§......##g##
g###.##...##o##
.###.##...###g##
..........# ##K##
#######...# ##{## #
#...# ##@## ##
#g.K# ##.#
.######...#### ###
.ggg...g.......
...Zg.g........
...............
.####.#...#.### ##
##.#...#.# #
##........#


You could see an orc wizard, 2 gnolls, an orc, a goblin and a kobold.

Vanquished Creatures
  A water moccasin (Sewer)
  A hound (D:4)
  A centaur skeleton (D:4)
  An iguana (D:4)
  An orc wizard (D:3)
  Robin (D:4)
  A gnoll (D:4)
  3 adders
  2 river rats (D:3)
  An ufetubus (D:4)
  A worm (D:2)
  6 dart slugs
  4 orcs (D:3)
  6 endoplasms
  2 giant cockroaches (D:1)
  11 goblins
  11 hobgoblins
  3 jackals
  6 quokkas
  6 ball pythons
  9 bats
  3 frilled lizards
  9 kobolds
  A rat (D:3)
  12 toadstools (D:1)
103 creatures vanquished.

Vanquished Creatures (collateral kills)
  A dart slug (D:2)
1 creature vanquished.

Vanquished Creatures (others)
  2 toadstools (D:1)
2 creatures vanquished.

Grand Total: 106 creatures vanquished

Notes
Turn   | Place    | Note
-------+----------+-------------------------------------------
     0 | D:1      | Ijustatesigmund the Gargoyle Fighter began the quest for
                  | the Orb.
     0 | D:1      | Reached XP level 1. HP: 14/14 MP: 1/1
    98 | D:1      | Reached XP level 2. HP: 18/19 MP: 2/2
   200 | D:1      | Found Qeit Dae's Antique Weapon Shoppe.
   728 | D:1      | Reached XP level 3. HP: 24/24 MP: 3/3
   874 | D:1      | Found a faded altar of an unknown god.
  1379 | D:2      | Reached XP level 4. HP: 29/29 MP: 4/4
  2000 | D:3      | Found a hide-covered altar of Uskayaw.
  2283 | D:3      | Reached XP level 5. HP: 33/34 MP: 5/5
  2289 | D:3      | Found a glowing drain.
  2293 | Sewer    | Entered a sewer
  2334 | Sewer    | Noticed a water moccasin
  2355 | Sewer    | Killed a water moccasin
  2356 | Sewer    | Reached skill level 5 in Maces & Flails
  2356 | Sewer    | Reached XP level 6. HP: 27/40 MP: 6/6
  2654 | D:3      | Found an ancient bone altar of Kikubaaqudgha.
  2785 | D:3      | Found an opulent altar of Gozag.
  2840 | D:3      | Reached skill level 5 in Fighting
  3287 | D:4      | Noticed Robin
  3290 | D:4      | Noticed Sigmund
  3305 | D:4      | Killed Robin
  3327 | D:4      | Identified a scroll of acquirement
  3398 | D:4      | Slain by Sigmund

Illustrated notes

Levels and vault maps discovered:
D:1:      nagdon_arrival_zigzag_paths, layout_loops_ring,
          hellmonk_ecumenical_altar_heavens_door, serial_shops, shop_fountains
D:2:      layout_basic
D:3:      cheibrodos_old_hovel, layout_rooms, lemuel_coloured_pillars_altar,
          mainiacjoe_overflow_big_doors, gup_sewer_entry_bowl,
          minmay_door_square, nrook_loot_triangle,
          chequers_serial_rivers_large_a, patterned_corridor
D:4:      layout_loops_cross, hangedman_abyss_or_decor_stagger,
          minmay_diced_spiral, uniq_robin, uniq_sigmund

Skill      XL: |  1  2  3  4  5  6 |
---------------+-------------------+-----
Maces & Flails | 3 4 5 |  5.7
Fighting       | 4 5 |  5.3
Armour         | |  3.4
Dodging        | |  0.3
Shields        | |  3.3

Action                   |  1- 3 |  4- 6 || total
-------------------------+-------+-------++-------
Melee: Flail             |   133 |   224 ||   357
Evoke: Wand              |       |     2 ||     2
  Use: Scroll            |       |     7 ||     7
       Potion            |       |    11 ||    11
Armor: Scale mail        |    60 |   205 ||   265
Dodge: Dodged            |    55 |    82 ||   137
Block: Buckler           |    29 |     3 ||    32
       Kite shield       |       |   169 ||   169

Table legend: (Time is in decaauts)
 A = Elapsed time spent in this place.
 B = Non-inter-level travel time spent in this place.
 C = Inter-level travel time spent in this place.
 D = Time resting spent in this place.
 E = Time spent auto-exploring this place.
 F = Levels seen in this place.
 G = Mean time per level.
                   A        B        C        D        E       F      G
               +--------+--------+--------+--------+--------+-----+--------+
         Total |   3521 |   3449 |     72 |    582 |   1976 |   5 |  704.2 |
       Dungeon |   3272 |   3200 |     72 |    482 |   1899 |   4 |  818.0 |
         Sewer |    249 |    249 |      0 |    100 |     77 |   1 |  249.0 |
               +--------+--------+--------+--------+--------+-----+--------+

Top non-repeatable levels by time:
     D:1: 1192 daAuts
     D:3: 1057 daAuts
     D:2: 719 daAuts
     D:4: 303 daAuts
   Sewer: 249 daAuts
